 Dungeon Crawl Stone Soup version 0.23-a0-767-gdc19b93d68 (webtiles) character file.

11953 Esekla the Blocker (level 11, -1/79 HPs)
             Began as an Octopode Wanderer on Jan 22, 2019.
             Was an Initiate of Gozag.
             Slain by a freezing wraith (5 damage)
             ... in an ice cave.
             The game lasted 01:53:12 (13546 turns).

Esekla the Blocker (Octopode Wanderer)             Turns: 13546, Time: 01:53:13

Health: -1/79      AC: 12    Str: 18    XL:     11   Next: 85%
Magic:  18/18      EV: 23    Int: 19    God:    Gozag
Gold:   545        SH: 16    Dex: 17    Spells: 10/20 levels left

rFire    x . .     SeeInvis .   a - +3 dagger
rCold    + . .     Gourm    .   L - +4 shield {AC+3}
rNeg     . . .     Faith    .   g - +2 hat
rPois    .         Spirit   .   t - amulet of the acrobat
rElec    .         Reflect  .   i - +4 ring of strength
rCorr    .         Harm     .   J - ring of ice
MR       .....                  T - ring of Shadows {Umbra +Inv Stlth+}
Stlth    ++++++++..             d - +5 ring of protection
HPRegen  0.00/turn              (no ring)
MPRegen  0.16/turn              (no ring)
                                (no ring)
                                (no ring)

@: agile, slowed, wreathed by umbra, very slow
A: almost no armour, stealthy swim, amphibious, 8 rings, constrict 8, rugged
brown scales 1, camouflage 1, agile 1, clever 1, inhibited regeneration,
gelatinous body 1
a: Potion Petition, Call Merchant, Bribe Branch, Renounce Religion, Evoke
Invisibility


You were in an ice cave.
You worshipped Gozag.
Gozag was pleased with you.
You were not hungry.

You visited 3 branches of the dungeon, and saw 14 of its levels.
You also visited: Ice Cave.

You collected 2223 gold pieces.
You spent 1590 gold pieces at shops.
You paid 88 gold pieces to Gozag.

Inventory:

Hand Weapons
 a - a +3 dagger (weapon)
 A - a +2 dagger of draining
 K - a +1 dagger of speed
Missiles
 c - 20 tomahawks (quivered)
 D - 17 arrows
 O - an exploding tomahawk
Armour
 g - a +2 hat (worn)
 L - a +4 shield of protection (worn)
 V - a +2 hat
Jewellery
 d - a +5 ring of protection (on tentacle)
 i - a +4 ring of strength (left tentacle)
 t - an amulet of the acrobat (around mantle)
 F - an uncursed ring of teleportation
 I - an uncursed ring of fire
 J - a ring of ice (right tentacle)
 P - an uncursed ring of fire
 T - the ring of Shadows (on tentacle) {Umbra +Inv Stlth+}
   (You bought it in a shop on level 10 of the Dungeon)

   [ring of stealth]

   It lets you turn invisible.
   It makes you more stealthy.
Wands
 k - a wand of iceblast (19)
 o - a wand of digging (5)
 p - a wand of acid (11)
 E - a wand of polymorph (2)
 H - a wand of clouds (5)
 M - a wand of random effects (24)
Scrolls
 b - 3 scrolls of blinking
 e - 2 scrolls of noise
 h - 11 scrolls of teleportation
 v - a scroll of amnesia
 G - a scroll of magic mapping
Potions
 l - a potion of resistance
 q - a potion of magic
 r - 3 potions of lignification
 u - a potion of cancellation
 w - 4 potions of brilliance
 z - a potion of invisibility
 B - a potion of flight
 N - a potion of agility
Comestibles
 f - 5 rations


   Skills:
 + Level 7.9 Fighting
 + Level 8.8 Short Blades
   Level 1.0 Axes
 * Level 8.9 Dodging
 - Level 4.2 Stealth
 + Level 9.3 Shields
 * Level 5.0 Spellcasting
 * Level 1.3 Conjurations
 + Level 5.1 Hexes


You had 10 spell levels left.
You knew the following spells:

 Your Spells              Type           Power        Failure   Level  Hunger
a - Corona                Hex            ###....      3%          1    None
b - Tukima's Dance        Hex            ###.....     10%         3    ##.....
c - Confuse               Hex            ###.....     10%         3    ##.....
d - Dazzling Spray        Conj/Hex       ###...       21%         3    ##.....

Your spell library contained the following spells:

 Spells                   Type           Power        Failure   Level  Hunger
 Ensorcelled Hibernation  Hex/Ice        ###...       13%         2    #......


Dungeon Overview and Level Annotations

Branches:
Dungeon (11/15)            Temple (1/1) D:4            Lair (2/6) D:8
    Orc (0/2) D:10
  Swamp: Lair:2-4    Shoals: Lair:2-4     Snake: Lair:2-4    Spider: Lair:2-4

Altars:
Ashenzari
Cheibriados
Dithmenos
Elyvilon
Fedhas
Gozag
Hepliaklqana
Makhleb
Nemelex Xobeh
Okawaru
Qazlal
Ru
Trog
Uskayaw
Vehumet
Wu Jian
Xom
Yredelemnul
Zin
The Shining One
Jiyva

Shops:
D:6 [   D:10 =

Annotations:
D:8 2 transporters


Innate Abilities, Weirdness & Mutations

You cannot wear most types of armour.
You are very stealthy in the water. (Stealth+)
You are amphibious.
You can wear up to eight rings at the same time.
You can use your tentacles to constrict eight enemies at once.
Your skin changes colour to match your surroundings (Stealth+).
Your rubbery body absorbs attacks. (AC +1, EV +1)
You are partially covered in rugged brown scales. (AC +1, +3% HP)
You are agile. (Dex +2)
Your mind is acute. (Int +2)
You do not regenerate when monsters are visible.


Message History

Okay, then.
Okay, then.
You hit the freezing wraith.
The freezing wraith is almost destroyed.
You feel less wooden.
Your +2 hat unmelds from your body.
You block the freezing wraith's attack. x2
You feel agile all of a sudden.
The freezing wraith hits you but does no damage.
You block the freezing wraith's attack.
The freezing wraith completely misses you.
The freezing wraith hits you but does no damage.
You block the freezing wraith's attack. x2
You miss the freezing wraith.
The freezing wraith is almost destroyed.
You block the freezing wraith's attack. The freezing wraith closely misses you.
You hit the freezing wraith but do no damage.
The freezing wraith is almost destroyed.
You block the freezing wraith's attack. The freezing wraith hits you.
You die...
Your body crumbles into a pile of gold.

##..........#
##............ #
####.............
#.
##...............#
#..##
##....###........##
#....# #...###
###...#### #...$##
#..## #####
#...###...#
##...###@.##
##...###W.##
##...###..##
###.......#
###....## ######


You could see a freezing wraith.

Vanquished Creatures
  Harold (D:7)
  A manticore (D:11)
  Maurice (D:8)
  A gargoyle (D:11)
  A freezing wraith (IceCv)
  A troll (D:9)
  Prince Ribbit (D:6)
  5 blink frogs (Lair:1)
  3 hippogriffs
  Eustachio (D:6)
  14 yaks
  Grum (D:8)
  A hungry ghost (D:8)
  2 wargs (D:8)
  Edmund (D:4)
  A porcupine (Lair:1)
  3 orc warriors
  8 ice beasts
  A sky beast (D:5)
  2 alligator simulacra (IceCv)
  4 ogres
  4 phantoms
  A centaur (D:6)
  3 wolves
  8 bullfrogs
  A big kobold (D:7)
  2 scorpions
  6 killer bees (D:8)
  4 wights (D:6)
  2 howler monkeys
  6 crimson imps
  A jelly (D:8)
  A bullfrog skeleton (D:5)
  8 orc priests
  2 hounds
  13 orc wizards
  Ijyb (D:5)
  5 iguanas
  Natasha (thrice) (D:4)
  12 worker ants
  A polar bear simulacrum (IceCv)
  A killer bee zombie (D:8)
  A wolf simulacrum (IceCv)
  2 hound skeletons
  9 gnolls
  12 adders
  5 white imps (IceCv)
  An ooze (D:3)
  An adder skeleton (D:9)
  3 worms (D:2)
  A dart slug (D:1)
  2 leopard geckos
  40 orcs
  7 bats
  A giant cockroach (D:7)
  7 goblins
  6 hobgoblins
  11 jackals
  10 kobolds
  2 quokkas (D:7)
  4 ball pythons
  2 frilled lizards (D:1)
  A jackal skeleton (D:4)
  A quokka skeleton (D:5)
  4 rats
  A spectral orc (D:2)
273 creatures vanquished.

Vanquished Creatures (others)
  A fungus (Lair:2)
1 creature vanquished.

Grand Total: 274 creatures vanquished

Notes
Turn   | Place    | Note
-------+----------+-------------------------------------------
     0 | D:1      | Esekla the Octopode Wanderer began the quest for the Orb.
     0 | D:1      | Esekla set off with the following items: a +2 dagger, a
                  | scroll of blinking, a +0 shortbow, 23 arrows, a +0 short
                  | sword, a ration
     0 | D:1      | Reached XP level 1. HP: 18/18 MP: 1/1
   133 | D:1      | Reached XP level 2. HP: 18/24 MP: 2/2
   587 | D:1      | Reached XP level 3. HP: 20/29 MP: 3/3
   755 | D:2      | You fall through a shaft!
  1121 | D:3      | Reached skill level 1 in Dodging
  1121 | D:3      | Reached XP level 4. HP: 16/36 MP: 4/4
  1492 | D:2      | Found a basalt altar of Yredelemnul.
  2132 | D:3      | Reached XP level 5. HP: 19/41 MP: 5/5
  2186 | D:3      | Found a sparkling altar of Nemelex Xobeh.
  2375 | D:4      | Noticed a phantom
  2936 | D:4      | Noticed Edmund
  2981 | D:4      | Reached XP level 6. HP: 26/46 MP: 6/6
  3413 | D:5      | Entered Level 5 of the Dungeon
  3457 | D:5      | Noticed Ijyb
  3466 | D:5      | Killed Ijyb
  3562 | D:4      | Killed Edmund
  3562 | D:4      | Reached skill level 2 in Shields
  3562 | D:4      | Reached XP level 7. HP: 25/52 MP: 7/7
  3749 | D:5      | Reached skill level 5 in Short Blades
  4355 | D:4      | Reached skill level 3 in Shields
  4355 | D:4      | Reached XP level 8. HP: 37/58 MP: 8/8
  4386 | D:4      | Noticed Natasha
  4469 | D:4      | Killed Natasha
  4502 | D:4      | Found a staircase to the Ecumenical Temple.
  4508 | Temple   | Entered the Ecumenical Temple
  4532 | Temple   | Became a worshipper of Gozag Ym Sagoz the Greedy
  4654 | D:5      | Found a shadowy altar of Dithmenos.
  4698 | D:5      | Gained mutation: You are agile. (Dex +2) [potion of
                  | mutation]
  4698 | D:5      | Gained mutation: Your mind is acute. (Int +2) [potion of
                  | mutation]
  4698 | D:5      | Gained mutation: You do not regenerate when monsters are
                  | visible. [potion of mutation]
  4698 | D:5      | Gained mutation: You are partially covered in rugged brown
                  | scales. (AC +1, +3% HP) [potion of mutation]
  4800 | D:5      | Learned a level 1 spell: Corona
  4804 | D:5      | Learned a level 3 spell: Tukima's Dance
  4808 | D:5      | Learned a level 3 spell: Confuse
  5022 | D:6      | Found a blossoming altar of Fedhas.
  5229 | D:6      | Reached skill level 1 in Hexes
  5234 | D:6      | Reached skill level 1 in Spellcasting
  5327 | D:6      | Reached skill level 4 in Shields
  5370 | D:6      | Found a sacrificial altar of Ru.
  5769 | D:6      | Found Zeled's Antique Armour Shoppe.
  5791 | D:6      | Reached XP level 9. HP: 58/64 MP: 11/11
  5791 | D:6      | Noticed Eustachio
  5802 | D:6      | Killed Eustachio
  5879 | D:6      | Reached skill level 5 in Dodging
  5948 | D:6      | Bought a runed shield for 165 gold pieces
  6124 | D:5      | Found a stormy altar of Qazlal.
  6124 | D:5      | Found a glowing silver altar of Zin.
  6127 | D:5      | Found a radiant altar of Vehumet.
  6281 | D:4      | Noticed Natasha
  6291 | D:4      | Killed Natasha
  6306 | D:4      | Noticed Natasha
  6320 | D:4      | Killed Natasha
  6457 | D:7      | Reached skill level 5 in Shields
  6783 | D:7      | Noticed Harold
  6802 | D:7      | Killed Harold
  7131 | D:8      | Found a transporter.
  7146 | D:8      | Found a transporter.
  7264 | D:9      | Reached skill level 6 in Shields
  7287 | D:9      | Found a shadowy altar of Dithmenos.
  7318 | D:9      | Reached XP level 10. HP: 70/73 MP: 14/14
  7627 | D:7      | Found an iron altar of Okawaru.
  7632 | D:7      | Found a bloodstained altar of Trog.
  7637 | D:7      | Found a shimmering altar of Xom.
  7980 | D:7      | Noticed Prince Ribbit
  8362 | D:6      | Killed Prince Ribbit
  8735 | D:8      | Reached skill level 7 in Shields
  8747 | D:8      | Found a staircase to the Lair.
  8775 | D:8      | Noticed Grum
  8786 | D:8      | HP: 1/73 [orc priest/divine providence (9)]
  9010 | D:10     | Entered Level 10 of the Dungeon
  9515 | D:8      | Killed Grum
  9629 | Lair:1   | Entered Level 1 of the Lair of Beasts
  9663 | Lair:1   | Reached XP level 11. HP: 37/77 MP: 17/17
 10111 | Lair:2   | Reached skill level 8 in Shields
 10244 | D:8      | Noticed Maurice
 10262 | D:8      | Killed Maurice
 10310 | D:8      | Found a glowing golden altar of the Shining One.
 10411 | D:8      | Found a hide-covered altar of Uskayaw.
 11590 | D:10     | Found a staircase to the Orcish Mines.
 12011 | D:10     | Reached skill level 5 in Hexes
 12071 | D:10     | Found Bymihez's Jewellery Boutique.
 12491 | D:10     | Learned a level 3 spell: Dazzling Spray
 12491 | D:10     | Bought a +5 ring of protection for 825 gold pieces
 12491 | D:10     | Bought the ring of Shadows {Umbra +Inv Stlth+} for 600 gold
                  | pieces
 12491 | D:10     | Found the ring of Shadows {Umbra +Inv Stlth+}
 12570 | D:10     | Reached skill level 9 in Shields
 12949 | D:11     | Noticed a manticore
 12950 | D:11     | Found a frozen archway.
 12955 | D:11     | Killed a manticore
 13002 | IceCv    | Entered an ice cave
 13358 | IceCv    | Reached skill level 1 in Conjurations
 13472 | IceCv    | Reached skill level 5 in Spellcasting
 13546 | IceCv    | Slain by a freezing wraith

Vault maps used:
D:1:      psy_arrival_fountain, due_unseen_surprise
D:2:      yredelemnul_forgotten_temple_becter
D:3:      wad_pebble_path, nemelex_altar_shiori, serial_glass, glass_columns_a,
          glass_columns_a
D:4:      minmay_temple_entry_hall, first_ration, item_on_display_a,
          uniq_natasha, uniq_edmund
D:5:      nicolae_overflow_hidden_temple, grunt_dithmenos_smoke, uniq_ijyb
D:6:      kennysheep_mini_moat, old_standard_altar, serial_shops,
          kennysheep_little_box, uniq_eustachio
D:7:      grunt_temple_overflow_diamond, grunt_decor_one_mirror,
          kennysheep_small_square, uniq_prince_ribbit1, uniq_harold
D:8:      gammafunk_steamed_eel, kennysheep_mini, marbit_many_paths,
          erik_lair_orcish_takeover, uniq_grum, uniq_maurice
D:9:      basic_altar
D:10:     erik_orc_3, serial_shops, shop, serial_column_ruins,
          column_ruins_columns_corner, column_ruins_grid_1,
          column_ruins_open_medium, column_ruins_open_small_water,
          column_ruins_open_small, column_ruins_open_small,
          minmay_misc_feat_rugged
D:11:     gammafunk_ghost_split, portal_ice_cave_entry_pillars_1,
          hangedman_little_slice_of_home, nicolae_elemental_shop,
          minmay_alternating_orb
Temple:   pf_slimified_temple
Lair:1:   uniq_gastronok
Lair:2:   beast_lair_carwin_large_4, swamp_mist
IceCv:    ice_cave_small_necro

Skill      XL: |  1  2  3  4  5  6  7  8  9 10 11 |
---------------+----------------------------------+-----
Stealth        | 3 4 |  4.2
Dodging        | 1 2 3 4 6 7 8 |  8.9
Short Blades   | 2 3 4 5 6 7 8 |  8.8
Fighting       | 6 7 |  7.9
Shields        | 2 3 4 6 7 9 |  9.3
Hexes          | 1 3 4 5 |  5.1
Spellcasting   | 1 3 4 5 |  5.0
Conjurations   | 1 |  1.3
Axes           | |  1.0

Action                   |  1- 3 |  4- 6 |  7- 9 | 10-12 || total
-------------------------+-------+-------+-------+-------++-------
Melee: Dagger            |    58 |    97 |   357 |   901 ||  1413
       Constrict         |    20 |    25 |    40 |    76 ||   161
       Tentacles         |    13 |    20 |    77 |   218 ||   328
Throw: Tomahawk          |     4 |     4 |    23 |    12 ||    43
 Cast: Corona            |       |       |       |     2 ||     2
       Dazzling Spray    |       |       |       |     1 ||     1
Evoke: Wand              |       |       |       |     4 ||     4
  Use: Scroll            |       |     7 |     2 |    25 ||    34
       Potion            |       |     1 |     3 |    17 ||    21
 Stab: Sleeping          |     3 |    12 |    14 |    12 ||    41
       Distracted        |       |       |       |     6 ||     6
  Eat: Ration            |     1 |     2 |     5 |     6 ||    14
Armor: Skin              |     3 |     6 |    33 |    86 ||   128
Dodge: Dodged            |    26 |    27 |    92 |   252 ||   397
Block: Shield            |       |    14 |    86 |   415 ||   515

Table legend:
 A = Non-vault XP
 B = Vault XP
 C = Vault XP percentage of total XP
 D = Non-vault monster count
 E = Vault monster count
 F = Vault count percentage of total count
                 A         B        C        D         E       F
            +---------+---------+-------+---------+---------+-------
      Total |   11831 |    5246 |  30.7 |     218 |      55 |  20.1
            +---------+---------+-------+---------+---------+-------
        D:1 |      41 |       0 |   0.0 |      23 |       0 |   0.0
        D:2 |      33 |       1 |   2.9 |       7 |       1 |  12.5
        D:3 |     159 |       0 |   0.0 |      21 |       0 |   0.0
        D:4 |     423 |     199 |  32.0 |      18 |       2 |  10.0
        D:5 |     524 |      36 |   6.4 |      12 |       1 |   7.7
        D:6 |    1077 |     472 |  30.5 |      24 |       2 |   7.7
        D:7 |    1289 |     970 |  42.9 |      41 |       3 |   6.8
        D:8 |    2311 |    1526 |  39.8 |      32 |      13 |  28.9
        D:9 |     997 |     124 |  11.1 |      13 |       1 |   7.1
       D:10 |    2246 |     565 |  20.1 |      17 |      17 |  50.0
       D:11 |    1023 |       0 |   0.0 |       3 |       0 |   0.0
     Lair:1 |    1453 |       0 |   0.0 |       6 |       0 |   0.0
     Lair:2 |     255 |       0 |   0.0 |       1 |       0 |   0.0
      IceCv |       0 |    1353 | 100.0 |       0 |      15 | 100.0
            +---------+---------+-------+---------+---------+-------
